 Dungeon Crawl Stone Soup version 0.30-a0-29-g142975f185 (webtiles) character file.

Game seed: 1824034510110075322

91 purpskrrrp the Shooter (level 4, -6/23 HPs)
             Began as a Spriggan Hunter on Aug 26, 2022.
             Killed by divine providence
             ... invoked by an orc priest
              (11 damage)
             ... on level 3 of the Dungeon.
             The game lasted 00:03:52 (1871 turns).

purpskrrrp the Shooter (Spriggan Hunter)            Turns: 1871, Time: 00:03:52

Health: -6/23      AC:  5    Str:  7    XL:     4   Next: 34%
Magic:  5/5        EV: 19    Int: 10    God:
Gold:   234        SH:  0    Dex: 20    Spells: 3/3 levels left

rFire   . . .      SeeInvis +    e - +2 quarterstaff (spect)
rCold   . . .      Faith    +    (shield currently unavailable)
rNeg    . . .      Spirit   .    c - +0 robe
rPois   .          Reflect  .    (helmet restricted)
rElec   .          Harm     .    l - +2 cloak
rCorr   .          Rampage  .    (gloves unavailable)
Will    .....                    (boots unavailable)
Stlth   +++.......               f - amulet of faith
HPRegen 0.07/turn                (no ring)
MPRegen 0.09/turn                (no ring)

@: very quick
A: very small, no large weapons, unfitting armour, see invisible, speed 3
a: no special abilities


You were on level 3 of the Dungeon.
You visited 1 branch of the dungeon, and saw 3 of its levels.

You collected 234 gold pieces.

Inventory:

Hand Weapons
 a - a +0 shortbow
 e - a +2 spectral quarterstaff (weapon)
Armour
 c - a +0 robe (worn)
 l - a +2 cloak (worn)
Jewellery
 f - an amulet of faith (around neck)
 o - a ring of resist corrosion
Scrolls
 b - a scroll of immolation
 d - 2 scrolls of teleportation {unknown}
 h - 4 scrolls of identify {unknown}
 k - a scroll of summoning {unknown}
 p - a scroll of vulnerability {unknown}
Potions
 g - a potion of curing {unknown}
 i - a potion of heal wounds {unknown}
 j - 2 potions of attraction {unknown}
 m - a potion of resistance {unknown}
 n - a potion of might {unknown}


   Skills:
 + Level 2.2 Fighting
 + Level 4.5 Ranged Weapons
 + Level 3.8 Dodging
 + Level 3.7 Stealth


You had 3 spell levels left.
You didn't know any spells.
Your spell library contained the following spells:

 Spells                   Type           Power      Damage    Failure   Level
 Sandblast                Erth           0%         2d4       36%         1
 Slow                     Hex            0%         N/A       36%         1
 Passwall                 Tmut/Erth      0%         N/A       50%         2
 Confusing Touch          Hex            0%         N/A       75%         3
 Stone Arrow              Conj/Erth      0%         3d7       75%         3
 Vampiric Draining        Necr           0%         2d6       75%         3


Dungeon Overview and Level Annotations

Branches:
Dungeon (3/15)

Altars:


Innate Abilities, Weirdness & Mutations

You are very small and have problems with some larger weapons.
You are too small for most types of armour.
You have supernaturally acute eyesight. (SInv)
You cover ground extremely quickly. (Speed+++)


Message History

You open the door.
There is an open door here.
h - 4 scrolls labelled VORIPS OPILE (gained 1)
An endoplasm comes into view.
You catch the helpless endoplasm completely off-guard!
You thump the endoplasm!
You kill the endoplasm!
No target in view!
No target in view!
No target in view!
No target in view!
No target in view!
No target in view!
No target in view!
No target in view!
No target in view!
No target in view!
No target in view!
You now have 234 gold pieces (gained 15).
An orc and an orc wizard come into view.
An orc priest comes into view. It is wielding a +0 dagger.
An orc and an orc priest come into view.
The helpless orc wizard fails to defend itself.
You thump the orc wizard!
The orc wizard is heavily wounded.
The orc wizard barely misses you.
The orc wizard hits you with a +0 dagger.
The orc shouts!
You hit the orc wizard.
The orc wizard is heavily wounded.
The orc priest shouts!
The orc wizard gestures at you while chanting.
You easily resist.
The orc priest calls down the wrath of Beogh upon you.
Beogh smites you!
Ouch! That really hurt!
* * * LOW HITPOINT WARNING * * *
The orc priest mumbles some strange prayers to Beogh against you.
Beogh smites you!
You die...

....#
#.#
#####
#.#
#.#
#.#
#.#
#.#
#.#
#.#
###
#@#
..#
#oo..#
#.#
#o.oo#
#.#
#.####
#.#
#..
#.#
###
#.#
#.#
#.#


You could see 2 orc priests, an orc wizard and 2 orcs.

Vanquished Creatures
  5 worms
  2 dart slugs
  6 orcs (D:3)
  4 bats
  4 endoplasms
  3 giant cockroaches
  3 goblins (D:2)
  6 hobgoblins
  7 quokkas
  6 ball pythons
  9 kobolds
  7 rats
62 creatures vanquished.

Notes
Turn   | Place    | Note
-------+----------+-------------------------------------------
     0 | D:1      | purpskrrrp the Spriggan Hunter began the quest for the Orb.
     0 | D:1      | Reached XP level 1. HP: 10/10 MP: 2/2
    68 | D:1      | Found a faded altar of an unknown god.
   171 | D:1      | Reached XP level 2. HP: 15/15 MP: 3/3
   873 | D:2      | Reached XP level 3. HP: 18/18 MP: 4/4
  1386 | D:3      | Reached XP level 4. HP: 23/23 MP: 5/5
  1871 | D:3      | Killed from afar by an orc priest

Illustrated notes

Levels and vault maps discovered:
D:1:      pf_arrival_petrified_forest, layout_loops_cross,
          nicolae_ecumenical_snake_handling
D:2:      layout_basic, minivault_24
D:3:      layout_basic, gammafunk_ghost_necromancy, serial_curves,
          eino_curves_02, eino_curves_02

Skill      XL: |  1  2  3 |
---------------+----------+-----
Stealth        | 2 3 |  3.7
Dodging        | 3 |  3.8
Fighting       | 2 |  2.2
Ranged Weapons | |  4.5

Action                   |  1- 3 |  4- 6 || total
-------------------------+-------+-------++-------
Melee: Quarterstaff      |    61 |    29 ||    90
 Fire: Shortbow          |     1 |       ||     1
 Stab: Sleeping          |    10 |     3 ||    13
       Distracted        |       |     1 ||     1
Armor: Robe              |     1 |     5 ||     6
Dodge: Dodged            |    27 |    18 ||    45

Table legend: (Time is in decaauts)
 A = Elapsed time spent in this place.
 B = Non-inter-level travel time spent in this place.
 C = Inter-level travel time spent in this place.
 D = Time resting spent in this place.
 E = Time spent auto-exploring this place.
 F = Levels seen in this place.
 G = Mean time per level.
                   A        B        C        D        E       F      G
               +--------+--------+--------+--------+--------+-----+--------+
         Total |   1329 |   1300 |     29 |      0 |   1023 |   3 |  443.0 |
       Dungeon |   1329 |   1300 |     29 |      0 |   1023 |   3 |  443.0 |
               +--------+--------+--------+--------+--------+-----+--------+

Top non-repeatable levels by time:
     D:1: 487 daAuts
     D:3: 455 daAuts
     D:2: 386 daAuts
